[Event "MČR mládeže v rapid šachu 2024 H10"]
[Site "Harrachov, Czech Republic"]
[Date "????.??.??"]
[Round "1.1"]
[White "Dlouhy Martin"]
[Black "Vo Daniel"]
[Result "0-1"]
[TimeControl "20+5"]
[WhiteFideId "23773200"]
[BlackFideId "23761229"]
[WhiteElo "1648"]
[BlackElo "1679"]

1. Nf3 d5 2. c4 Nf6 3. d4 dxc4 4. e3 Bg4 5. Bxc4 e6 6. Nbd2 Nbd7 7. h3 Bh5 8. O-O Be7 9. Qb3 Nb6 10.
Bd3 O-O 11. Qc2 Nbd5 12. a3 c5 13. Re1 Rc8 14. Qb3 Qc7 15. Be2 a6 16. Nc4 Ne4 17. Bd2 b5 18. Nce5 f6 19. g4 Be8 20.
Nd3 c4 21. Qc2 cxd3 22. Qxc7 Rxc7 23. Bxd3 Nxd2 24. Nxd2 h5 25. a4 Nb4 26. Bb1 Nc2 27. Bxc2 Rxc2 28. Red1 hxg4 29. hxg4 f5 30.
f3 fxg4 31. fxg4 Bg5 32. Nf1 Rxf1+ 33. Kxf1 Bxe3 34. Re1 Rf2+ 35. Kg1 Rxb2+ 36. Kh1 Bc6+ 37. d5 Bxd5# 0-1



[ePGN "0.1;DGT LiveChess/2.2.6"]

[Event "MČR mládeže v rapid šachu 2024 H10"]
[Site "Harrachov, Czech Republic"]
[Date "????.??.??"]
[Round "1.2"]
[White "Trejbal Jindrich"]
[Black "Sedenka Zikmund"]
[Result "1-0"]
[TimeControl "20+5"]
[WhiteFideId "23743948"]
[BlackFideId "23761628"]
[WhiteElo "1631"]
[BlackElo "1477"]

1. e4 e5 2. Nf3 Nc6 3. Bc4 Nf6 4.
d3 Bc5 5. Nc3 d6 6. a3 Bg4 7. Be3 Bd4 8. h3 Bh5 9. Qd2 Qd7 10. Bxd4 Nxd4 11. Nxd4 exd4 12. Nd5 Nxd5 13. Bxd5 O-O-O 14. g4 Bg6 15. O-O-O f6 16. f4 Bf7 17. Bxf7 Qxf7 18. Kb1 d5 19. e5 fxe5 20. fxe5 Rhe8 21. Rde1 Re6 22. Rhf1 Qe7 23.
Qb4 Qxb4 24. axb4 Re7 25. c3 dxc3 26. bxc3 Rde8 27. d4 b6 28. Rf2 Kb7 29. Ref1 Rg8 30. Rf8 Re8 31. Rxe8 Rxe8 32.
Rf7 Rg8 33. e6 Kc8 34. e7 Kd7 35. Rf8 Rxf8 36. exf8=Q Kc6 37. Qxg7 a5 38. bxa5 bxa5 39. Kb2 Kb5 40. Qxc7 a4 41.
Qc5+ Ka6 42. Qxd5 Kb6 43. Ka3 Ka6 44. Kxa4 Kb6 45. Qc5+ Kb7 46. Kb5 Kb8 47. Kb6 Ka8 48. Qf8# 1-0



[ePGN "0.1;DGT LiveChess/2.2.6"]

[Event "MČR mládeže v rapid šachu 2024 H10"]
[Site "Harrachov, Czech Republic"]
[Date "????.??.??"]
[Round "1.4"]
[White "Bukovskij Dmitri"]
[Black "Hovhannisyan Narek"]
[Result "1-0"]
[TimeControl "20+5"]
[WhiteFideId "23749660"]
[BlackFideId "23778024"]
[WhiteElo "1700"]
[BlackElo "1570"]

1. d4 d5 2. c4 c6 3.
cxd5 cxd5 4. Nc3 Nf6 5.
Nf3 Bf5 6. e3 e6 7. a3 Bd6 8.
Bb5+ Nbd7 9. O-O O-O 10. Bd3 Bxd3 11. Qxd3 Qc7 12. Bd2 a6 13. Rac1 Qb6 14. Na4 Qa7 15. Ba5 Rfc8 16. Qb3 b5 17. Nc3 Nb6 18. Bxb6 Qxb6 19. Na4 Qa5 20.
Nc3 Nd7 21. Qa2 Qd8 22. b3 Nb6 23. Qb2 Qe7 24. Nb1 a5 25. Rxc8+ Rxc8 26. Rc1 Rxc1+ 27. Qxc1 a4 28. Qc6 Nd7 29.
b4 Nb8 30. Qxb5 Qc7 31. Qf1 Qc2 32. Nbd2 Qc3 33. h3 Qxa3 34. Qb5 Qxb4 35. Qe8+ Bf8 36. Ne5 Qb7 37. Ndf3 a3 38. Ng5 a2 39. Nxe6 fxe6 40. Qxe6+ 1-0



[ePGN "0.1;DGT LiveChess/2.2.6"]

[Event "MČR mládeže v rapid šachu 2024 H10"]
[Site "Harrachov, Czech Republic"]
[Date "????.??.??"]
[Round "1.5"]
[White "Sromek Sebastian"]
[Black "Hlavacek Pavel"]
[Result "0-1"]
[TimeControl "20+5"]
[WhiteFideId "23775122"]
[BlackFideId "23761768"]
[WhiteElo "1525"]
[BlackElo "1641"]

1. e4 c6 2. d4 d5 3. Nc3 dxe4 4. Nxe4 Bf5 5. Ng3 Bg6 6. Nf3 Nd7 7. Bc4 e6 8. Bf4 Ngf6 9. O-O Be7 10. Re1 O-O 11. Qd2 Nd5 12. Bxd5 cxd5 13. Ne5 Nxe5 14.
Bxe5 Rc8 15. c3 b5 16. a3 a5 17. Ne2 Bg5 18. Bf4 Be7 19. h3 b4 20. axb4 axb4 21. Ra4 Rc4 22. Rea1 bxc3 23.
bxc3 Rxa4 24. Rxa4 Qb6 25. Qa2 Rc8 26.
Ra8 Rxa8 27. Qxa8+ Qd8 28. Qxd8+ Bxd8 29. Kf1 Kf8 30. Ke1 Ke7 31. Kd2 Kd7 32. Nc1 Kc6 33. Nb3 Kb5 34. Nc5 Kc4 35. Nb7 Bb6 36. Nd6+ Kb3 37.
Nb5 Ba5 38. f3 f6 39. Bd6 Be8 40. Nc7 Bxc3+ 41. Kd3 Bg6 42. Ke2 Bf7 43. Bf8 g6 44. Nb5 Bb2 45. Kd3 g5 46. Bg7 f5 47.
Bh6 g4 48. hxg4 fxg4 49. fxg4 Bg6 50.
Ke3 Be4 51. g3 Bc1 52. Ke2 Kc2 53. Nd6 Bd3 54. Kf3 Kd1 55. Bxc1 Kxc1 56. Nf7 Kc2 57. Ng5 Kc3 58. Nxe6 Bg6 59.
Ke3 Kc4 60. Nf4 Be4 61. Ne6 Kc3 62. Nc5 Bg2 63. Ne6 Be4 64. Ng5 Bg6 65. Nf3 Be4 66. Ne5 Kc2 67. Nd7 Bg6 68. Ne5 Be4 69. Nc6 Kd1 70. Kf2 Kd2 71.
Kf1 Ke3 72. Kg1 Kf3 73. Ne5+ Kxg3 74. Kf1 Bf3 75. Ke1 Bxg4 76. Nxg4 Kxg4 77. Kf2 Kf4 78. Ke2 h5 79. Kf2 Ke4 80. Kg3 Kxd4 81. Kh4 Ke3 82.
Kxh5 d4 83. Kg4 d3 84. Kf5 d2 85. Ke5 d1=Q 86. Kf5 Qd5+ 87. Kg4 Qf7 88. Kg5 Ke4 89. Kg4 Qf4 90. Kh5 Qg3 91. Kh6 Kf5 92.
Kh7 Kf6 93. Kh8 Qg7# 0-1



[ePGN "0.1;DGT LiveChess/2.2.6"]

[Event "MČR mládeže v rapid šachu 2024 H10"]
[Site "Harrachov, Czech Republic"]
[Date "????.??.??"]
[Round "1.7"]
[White "Milian Jakub"]
[Black "Bucek Vit"]
[Result "0-1"]
[TimeControl "20+5"]
[WhiteFideId "23750871"]
[BlackFideId "23750812"]
[WhiteElo "1506"]
[BlackElo "1586"]

1. e4 c5 2. Nf3 Nc6 3. Bc4 g6 4. Nc3 Bg7 5. O-O d6 6. b3 Nf6 7. Bb2 O-O 8. Nd5 Nxe4 9. Bxg7 Kxg7 10.
Qc1 e6 11. Qb2+ Nf6 12. Ne3 d5 13. Bd3 Bd7 14. Rfe1 Kg8 15. c4 d4 16. Nh4 dxe3 17. Rxe3 Nd4 18. Re5 b6 19. b4 Ng4 20. Re4 Qxh4 21.
h3 Qxf2+ 22. Kh1 Qg3 23. Rxg4 Qxd3 24. Re1 Qxc4 25. bxc5 bxc5 26. Rc1 Qd5 27. Rf1 Bc6 28. Rff4 h5 29.
Rg3 Ne2 30. Rff3 Nxg3+ 31. Rxg3 Rab8 32. Qc2 Qe4 33. Qd1 Rb1 34. Qxb1 Qxb1+ 35. Kh2 Qe1 36. a4 Rb8 37. a5 Qe5 38. d4 cxd4 39. a6 Rb3 40.
Kg1 Qe1+ 41. Kh2 Qxg3+ 42. Kh1 Qxg2# 0-1



[ePGN "0.1;DGT LiveChess/2.2.6"]

[Event "MČR mládeže v rapid šachu 2024 H10"]
[Site "Harrachov, Czech Republic"]
[Date "????.??.??"]
[Round "1.8"]
[White "Temirbek Amirali"]
[Black "Stribrny Matej"]
[Result "1-0"]
[TimeControl "20+5"]
[WhiteFideId "447019808"]
[WhiteElo "1514"]
[BlackElo "1589"]

1. e4 e5 2. Nf3 Nf6 3. Nc3 Nc6 4. Bb5 d6 5. h3 Bd7 6. O-O a6 7. Bc4 b5 8. Bb3 Na5 9. d4 Nxb3 10.
axb3 exd4 11. Qxd4 Bc6 12. Bg5 Be7 13. Rad1 h6 14. Bh4 O-O 15. Rfe1 Re8 16. e5 dxe5 17. Nxe5 Bb7 18. Qxd8 Raxd8 19. Rxd8 Rxd8 20. Nc6 Bxc6 21.
Rxe7 g5 22. Bg3 Nd5 23. Nxd5 Rxd5 24. Rxc7 Rc5 25. c4 bxc4 26. b4 c3 27. bxc3 Rxc3 28. Rc8+ Kh7 29. Be5 Rc4 30. g4 Rc1+ 31.
Kh2 Rh1+ 32. Kg3 Rg1+ 33. Kh2 Rg2+ 34. Kh1 Rxg4+ 35. Rxc6 Rxb4 36. Rxa6 f5 37. Ra7+ Kg6 38. Ra6+ Kh5 39.
Bg7 g4 40. Rxh6+ Kg5 41. h4+ Kf4 42. Kg2 Rb3 43. Re6 g3 44. Re3 Rxe3 45. fxe3+ Kxe3 46. Kxg3 f4 47. Kg2 Ke2 48. Bd4 f3 49. Kg1 Kd3 50. Ba7 Ke4 51.
Kf2 Kf4 52. Be3+ Kg4 53. Bg5 Kh5 54. Kxf3 Kg6 55. Kg4 Kh7 56. h5 Kg7 57. Kf5 Kh7 58. h6 Kh8 59. Kg6 Kg8 60. h7+ Kh8 61. Bf6# 1-0



[ePGN "0.1;DGT LiveChess/2.2.6"]

[Event "MČR mládeže v rapid šachu 2024 H10"]
[Site "Harrachov, Czech Republic"]
[Date "????.??.??"]
[Round "2.1"]
[White "Vo Daniel"]
[Black "Stepnicka Filip"]
[Result "1-0"]
[TimeControl "20+5"]
[WhiteFideId "23761229"]
[BlackFideId "23771542"]
[WhiteElo "1679"]
[BlackElo "1531"]

1. e4 e5 2. Nf3 Nc6 3. d4 exd4 4.
Nxd4 Bc5 5. Nb3 Bb6 6. Nc3 Nf6 7. Qe2 d6 8. Be3 O-O 9. O-O-O Bxe3+ 10. Qxe3 Be6 11. h3 a5 12. f4 a4 13.
Nc5 b6 14. Nxe6 fxe6 15. Bc4 a3 16. Bxe6+ Kh8 17. b3 Re8 18. f5 Qe7 19. g4 Reb8 20. g5 Nd7 21. Nd5 Qd8 22. Rdf1 b5 23.
f6 g6 24. h4 Nce5 25. h5 b4 26. hxg6 Nxg6 27. Qh3 Ndf8 28. Bf5 Qe8 29. Ne7 Nxe7 30. Bxh7 Qd8 31. Bg6+ Kg8 32. f7+ Kg7 33.
Qh6# 1-0



[ePGN "0.1;DGT LiveChess/2.2.6"]

[Event "MČR mládeže v rapid šachu 2024 H10"]
[Site "Harrachov, Czech Republic"]
[Date "????.??.??"]
[Round "2.2"]
[White "Strihavka Petr"]
[Black "Trejbal Jindrich"]
[Result "1/2-1/2"]
[TimeControl "20+5"]
[WhiteFideId "23760702"]
[BlackFideId "23743948"]
[WhiteElo "1546"]
[BlackElo "1631"]

1. e4 e5 2. Nf3 Nf6 3. Nc3 Nc6 4. d4 exd4 5. Nxd4 Bb4 6. Nxc6 dxc6 7. Qxd8+ Kxd8 8. Bg5 Be7 9. O-O-O+ Bd7 10. Bc4 Ke8 11.
h3 Rd8 12. Rhe1 Nh5 13. Bxe7 Kxe7 14. Re3 Be6 15. Bxe6 fxe6 16. Rf3 Rxd1+ 17. Kxd1 Rd8+ 18. Ke2 Nf6 19. e5 Nd5 20. a3 a5 21.
Nxd5+ Rxd5 22. Re3 b5 23. f4 Kf7 24. Rc3 c5 25. Rd3 c6 26. b3 Ke7 27. c4 Rd4 28. Rxd4 cxd4 29. c5 Kf7 30.
g4 g6 31. Kd3 h6 32. Kxd4 Ke7 33. Ke4 Kf7 34. h4 g5 35. hxg5 hxg5 36. f5 Ke7 37. fxe6 Kxe6 38. b4 a4 39.
Kd4 Ke7 40. Ke3 Kd7 41. Kd3 Ke7 42. Kd4 Kd7 1/2-1/2



[ePGN "0.1;DGT LiveChess/2.2.6"]

[Event "MČR mládeže v rapid šachu 2024 H10"]
[Site "Harrachov, Czech Republic"]
[Date "????.??.??"]
[Round "2.3"]
[White "Zidek Damian"]
[Black "Skoloud Josef"]
[Result "1-0"]
[TimeControl "20+5"]
[WhiteFideId "23761652"]
[BlackFideId "23744111"]
[WhiteElo "1763"]
[BlackElo "1683"]

1. d4 d5 2. c4 e6 3. Nc3 Nf6 4. cxd5 exd5 5. Bg5 Be7 6. e3 O-O 7. Bd3 Be6 8. Nge2 h6 9. Bh4 Nbd7 10. O-O Ng4 11. Bg3 h5 12. h3 Nh6 13. Qc2 h4 14. Bh2 Nf6 15. Bf4 Bd6 16. Bxh6 gxh6 17. Nb5 Qd7 18. Nxd6 cxd6 19. Nf4 Rac8 20. Qd2 Ne4 21. Bxe4 dxe4 22. Rac1 Kh8 23. a3 Rg8 24. Kh2 d5 25. Qe2 Kh7 1-0



[ePGN "0.1;DGT LiveChess/2.2.6"]

[Event "MČR mládeže v rapid šachu 2024 H10"]
[Site "Harrachov, Czech Republic"]
[Date "????.??.??"]
[Round "2.4"]
[White "Burel Jan"]
[Black "Bukovskij Dmitri"]
[Result "0-1"]
[TimeControl "20+5"]
[WhiteFideId "23754907"]
[BlackFideId "23749660"]
[WhiteElo "1566"]
[BlackElo "1700"]

1. e4 c5 2. Nf3 e6 3. d4 cxd4 4. Nxd4 a6 5. Nc3 b5 6. a3 Bb7 7. Bd3 Nc6 8.
Nxc6 Bxc6 9. Be3 Qb8 10. O-O Bd6 11. g3 Ne7 12. Qe2 O-O 13. f4 f5 14. Bd4 Bc7 15. Qh5 Bb6 16. Bxb6 Qxb6+ 17. Rf2 b4 18. axb4 Qxb4 19. Ra2 fxe4 20. Bf1 Nd5 21. Nxd5 Bxd5 22.
b3 a5 23. Ra4 Qc5 24. c4 Rf5 25. Qd1 Bc6 26. Raa2 d6 27. Bh3 Rf6 28. Ra1 e3 29. Re2 Bf3 30. Bg2 Bxe2 31. Qxe2 Rb8 32.
Kh1 Rxb3 33. Qc2 Rb4 34.
Qe4 Rxc4 35. Qa8+ Rf8 36. Qf3 Rc1+ 37. Rxc1 Qxc1+ 38. Bf1 d5 39. Qg4 Qxf1# 0-1



[ePGN "0.1;DGT LiveChess/2.2.6"]

[Event "MČR mládeže v rapid šachu 2024 H10"]
[Site "Harrachov, Czech Republic"]
[Date "????.??.??"]
[Round "2.5"]
[White "Hlavacek Pavel"]
[Black "Zelenka Tomas"]
[Result "1-0"]
[TimeControl "20+5"]
[WhiteFideId "23761768"]
[BlackFideId "23750200"]
[WhiteElo "1641"]
[BlackElo "1607"]

1. d4 Nf6 2. c4 e6 3. Nc3 d5 4. Bg5 Be7 5. Nf3 O-O 6. e3 c6 7. cxd5 exd5 8. Bd3 Bg4 9. O-O Nbd7 10. h3 Bh5 11. Be2 Re8 12.
Nd2 Bxe2 13. Qxe2 Nf8 14. Bxf6 Bxf6 15. Qd3 Ng6 16. b4 b6 17. b5 c5 18. Nf3 Rc8 19. Rac1 cxd4 20. Nxd4 Bxd4 21.
Qxd4 Re5 22. Ne2 Rxc1 23. Rxc1 Re4 24. Qd2 Ne5 25. Rd1 d4 26. Nxd4 Qg5 27. Qc2 f5 28. Qc8+ Kf7 29. Nxf5 Nf3+ 30.
Kh1 Nh4 31. Nxh4 Qxh4 32. Qf5+ Kg8 33. Rd7 1-0



[ePGN "0.1;DGT LiveChess/2.2.6"]

[Event "MČR mládeže v rapid šachu 2024 H10"]
[Site "Harrachov, Czech Republic"]
[Date "????.??.??"]
[Round "2.6"]
[White "Hradek Martin"]
[Black "Lutskiy Mikhail"]
[Result "0-1"]
[TimeControl "20+5"]
[WhiteFideId "23753501"]
[BlackFideId "23744308"]
[WhiteElo "1735"]
[BlackElo "1729"]

1. Nc3 d5 2. Nf3 Nf6 3. d4 e6 4. Bg5 Be7 5. Bxf6 Bxf6 6. e4 O-O 7. e5 Be7 8. Bd3 b6 9. Qe2 Nd7 10.
O-O-O c5 11. h4 h6 12. g4 c4 13. Bxc4 dxc4 14. Qe4 Rb8 15. g5 h5 16. g6 f5 17. exf6 Nxf6 18. Qe5 Bd6 19. Qg5 Bb7 20. Qe3 Bxf3 21.
Qxf3 Ng4 22. Qe4 Qf6 23. Rhf1 Qf4+ 24. Kb1 Qxe4 25. Nxe4 Bf4 26. Rg1 Rbd8 27. f3 Ne3 28. Rde1 Rxd4 29.
Ng5 Bxg5 30. Rxg5 Rxf3 31. Re5 Rf1 32. Rxf1 Nxf1 33. c3 Rd6 34. Rxh5 Ne3 35. a3 Nf5 36. Ka2 Rd3 37. Rg5 Rh3 38.
Rg2 Nxh4 39. Rg4 b5 40. b3 Rh2+ 0-1



[ePGN "0.1;DGT LiveChess/2.2.6"]

[Event "MČR mládeže v rapid šachu 2024 H10"]
[Site "Harrachov, Czech Republic"]
[Date "????.??.??"]
[Round "2.7"]
[White "Bucek Vit"]
[Black "Bartak Tobias"]
[Result "1-0"]
[TimeControl "20+5"]
[WhiteFideId "23750812"]
[BlackFideId "23753544"]
[WhiteElo "1586"]
[BlackElo "1563"]

1. e4 d5 2. exd5 Qxd5 3. Nc3 Qa5 4. d4 Nf6 5. Bd2 c6 6. Bc4 Qc7 7. Qe2 e6 8. Nf3 Bd6 9. O-O-O O-O 10. h4 a5 11. Ne5 b5 12. Bd3 Nbd7 13.
Nxd7 Bxd7 14. g4 a4 15. g5 Ne8 16. h5 b4 17. Ne4 Be7 18. g6 h6 19. gxf7+ Rxf7 20. Rhg1 Kh8 21. Qg4 Bd6 22.
Qg6 Re7 23. Nxd6 Nxd6 24. Qh7# 1-0



[ePGN "0.1;DGT LiveChess/2.2.6"]

[Event "MČR mládeže v rapid šachu 2024 H10"]
[Site "Harrachov, Czech Republic"]
[Date "????.??.??"]
[Round "2.8"]
[White "Vratny Vojtech"]
[Black "Temirbek Amirali"]
[Result "0-1"]
[TimeControl "20+5"]
[WhiteFideId "23753692"]
[BlackFideId "447019808"]
[WhiteElo "1591"]
[BlackElo "1514"]

1. Nf3 d6 2. g3 g6 3. Bg2 Bg7 4. O-O a6 5. d3 Nf6 6. e4 O-O 7. c3 c6 8. Nbd2 b5 9. Qc2 Bb7 10.
Re1 Nbd7 11. Nf1 Rc8 12. h3 c5 13. Be3 c4 14. N3d2 cxd3 15. Qxd3 Nc5 16. Qc2 b4 17. Bxc5 Rxc5 18.
e5 Nd5 19. Ne4 Rc7 20. exd6 exd6 21. Ne3 bxc3 22. Nxd5 Bxd5 23. Nxc3 Bxg2 24. Kxg2 Qf6 25. Rac1 Rfc8 26. Re2 Qd4 27.
Rd2 Qb4 28. Rd3 Qb7+ 29. Kg1 d5 30. Qd2 d4 31. Ne2 Rxc1+ 32. Nxc1 Qe4 33. Nb3 h5 34. Nxd4 Rd8 35. Qe3 Rxd4 36.
Qxe4 Rxe4 37. Rd8+ Kh7 38. Ra8 Ra4 0-1



[ePGN "0.1;DGT LiveChess/2.2.6"]

[Event "MČR mládeže v rapid šachu 2024 H10"]
[Site "Harrachov, Czech Republic"]
[Date "????.??.??"]
[Round "3.1"]
[White "Lutskiy Mikhail"]
[Black "Vo Daniel"]
[Result "1-0"]
[TimeControl "20+5"]
[WhiteFideId "23744308"]
[BlackFideId "23761229"]
[WhiteElo "1729"]
[BlackElo "1679"]

1. e4 c5 2. Nf3 d6 3. Bb5+ Nd7 4. Bxd7+ Bxd7 5. O-O Nf6 6. Re1 g6 7. c3 Bg7 8. d4 cxd4 9. cxd4 O-O 10.
Nc3 Bc6 11. d5 Bd7 12. h3 Rc8 13. Be3 a6 14. Rc1 b5 15. Bd4 Qa5 16. Bxf6 Bxf6 17. e5 dxe5 18.
Nxe5 Rfd8 19. Qe2 b4 20. Nxd7 Rxd7 21. Ne4 Rxc1 22. Nxf6+ exf6 23. Rxc1 Qxd5 24. Qxa6 Kg7 25. Qa4 Qd2 26.
Rf1 Qxb2 27. Qxd7 Qxa2 28. Qd3 b3 29. Rb1 b2 30. Qc2 Qe6 31. Qxb2 Qe4 32. Rc1 h5 33. Qc3 h4 34. Re1 Qf4 35. Qc2 Qg5 36. Qe4 Qa5 37.
Rf1 Qg5 38. f4 Qc5+ 39. Kh2 Qb5 40. Rf3 Qb2 41. Rd3 Qf2 42. Qe3 Qc2 43. Rd7 Qf5 44. Ra7 Qh5 45. Qd2 Qf5 46. Ra5 Qe4 47.
Qf2 Qb4 48. Ra7 Qb8 49. Ra1 Qh8 50. Ra4 Qh5 51. f5 g5 52. Ra6 Qd1 53. Qb2 Qd8 54. Qb6 Qe7 55. Qd6 Qe5+ 56. Qxe5 fxe5 57.
g4 f6 58. Kg2 Kf7 59. Kf3 Ke7 60. Ke4 Kf7 61. Re6 Kg7 62. Kd5 Kf7 63. Kd6 Kg7 64. Ke7 Kh8 65. Rxf6 e4 66.
Rg6 e3 67. Kf7 Kh7 68. Rxg5 Kh6 69. Rh5+ 1-0



[ePGN "0.1;DGT LiveChess/2.2.6"]

[Event "MČR mládeže v rapid šachu 2024 H10"]
[Site "Harrachov, Czech Republic"]
[Date "????.??.??"]
[Round "3.2"]
[White "Temirbek Amirali"]
[Black "Zidek Damian"]
[Result "0-1"]
[TimeControl "20+5"]
[WhiteFideId "447019808"]
[BlackFideId "23761652"]
[WhiteElo "1514"]
[BlackElo "1763"]

1. e4 e6 2. d4 d5 3. Nd2 c5 4. c3 Nc6 5. Bb5 Bd7 6. Ne2 Nf6 7. e5 Ng8 8. O-O Nxe5 9. Bxd7+ Nxd7 10. dxc5 Bxc5 11.
Nb3 Bb6 12. Ned4 a6 13. Qg4 Qf6 14. Qg3 Ne7 15. Bg5 Qe5 16. f4 Qf5 17. Kh1 Qg6 18. Rae1 Nf5 19. Qh3 Nxd4 20. Nxd4 Bxd4 21.
cxd4 O-O 22. Rf3 Rac8 23. Be7 Rfe8 24. Rg3 Qe4 25. Bb4 Qf5 26. Rg4 Nf6 27. Rg5 Qxh3 28. gxh3 Ne4 29. Rg2 Rc4 30.
a3 b6 31. Reg1 g6 32. Rd1 a5 33. Be1 Rec8 34. Rd3 a4 35. b3 Rc1 36. Re2 Nc3 37. Ree3 Nd1 38. Re2 b5 39. Kg2 R8c2 40.
Kf3 Rxe2 41. Kxe2 Nb2 42. Rd2 Rb1 43. Bh4 axb3 44. Bf6 Nc4 45. Rd1 Rb2+ 46. Kd3 Rxh2 47. h4 Rh3+ 48. Ke2 Re3+ 49.
Kf2 Rc3 50. Ke2 b2 51. Rb1 Rc1 52. Rxb2 Nxb2 53. Kd2 Rf1 54. Kc3 Nc4 55. Kb4 Rb1+ 56. Kc5 Nxa3 0-1



[ePGN "0.1;DGT LiveChess/2.2.6"]

[Event "MČR mládeže v rapid šachu 2024 H10"]
[Site "Harrachov, Czech Republic"]
[Date "????.??.??"]
[Round "3.3"]
[White "Bukovskij Dmitri"]
[Black "Bucek Vit"]
[Result "1/2-1/2"]
[TimeControl "20+5"]
[WhiteFideId "23749660"]
[BlackFideId "23750812"]
[WhiteElo "1700"]
[BlackElo "1586"]

1. d4 Nf6 2. c4 e6 3. Nc3 d5 4. cxd5 exd5 5. Bg5 Nbd7 6. e3 Be7 7. Bd3 O-O 8. Qc2 h6 9. Bf4 c6 10. Nge2 Re8 11. O-O-O a5 12. Rdg1 b5 13. g4 b4 14. Na4 Nb6 15. f3 Nxa4 16. Qxa4 Bd7 17. Qc2 a4 18. h4 b3 19. axb3 axb3 20. Qb1 Qa5 21. g5 Nh5 22. gxh6 Bf6 23. Bg5 Qd8 24. Nf4 Nxf4 25. Bxf4 Kh8 26. hxg7+ Bxg7 27. h5 Qe7 28. Kd2 Qb4+ 29. Ke2 Qxd4 30. Kf2 Qxb2+ 31. Qxb2 Bxb2 32. Rg2 Ra2 33. Be2 Bf6 34. Rb1 b2 35. Bg5 Bxg5 36. Rxg5 Rb8 37. h6 Ra1 38. Bd3 Be6 39. Rgg1 Rxb1 40. Bxb1 c5 41. Rg7 f5 42. Re7 Rb6 43. Kg3 c4 44. e4 dxe4 45. fxe4 fxe4 46. Bxe4 b1=Q 47. Bxb1 Rxb1 48. Rxe6 c3 49. Rc6 Rc1 50. Kf2 c2 51. Ke2 Rh1 52. Rxc2 Rh2+ 53. Kd3 Rh3+ 54. Kc4 Rh4+ 55. Kb3 1/2-1/2



[ePGN "0.1;DGT LiveChess/2.2.6"]

[Event "MČR mládeže v rapid šachu 2024 H10"]
[Site "Harrachov, Czech Republic"]
[Date "????.??.??"]
[Round "3.4"]
[White "Macharacek Jakub"]
[Black "Hlavacek Pavel"]
[Result "0-1"]
[TimeControl "20+5"]
[WhiteFideId "23766697"]
[BlackFideId "23761768"]
[WhiteElo "1584"]
[BlackElo "1641"]

1. e4 c6 2. d4 d5 3.
exd5 cxd5 4. Bd3 Nc6 5.
c3 Qc7 6. Nf3 Bg4 7. h3 Bh5 8. Be3 Nf6 9. Nbd2 e6 10. O-O Bd6 11. Rc1 O-O 12. Re1 Rab8 13. Qc2 Bg6 14. b3 b5 15.
Bxg6 hxg6 16. Qd3 Qd7 17. Qe2 Rfe8 18. c4 bxc4 19. bxc4 Ne7 20. c5 Bc7 21. Bg5 Nh7 22. Bxe7 Qxe7 23.
Nb3 Ng5 24. Ne5 Bxe5 25. Qxe5 Ne4 26. Rc2 f6 27. Qf4 e5 28. Qg4 Qf7 29. Rec1 f5 30. Qd1 Nf6 31. dxe5 Rxe5 32. Qd4 Rbe8 33.
c6 Qc7 34. f3 Re2 35. Qa4 Qg3 36. Rxe2 Rxe2 37. Qg4 fxg4 0-1



[ePGN "0.1;DGT LiveChess/2.2.6"]

[Event "MČR mládeže v rapid šachu 2024 H10"]
[Site "Harrachov, Czech Republic"]
[Date "????.??.??"]
[Round "3.5"]
[White "Trejbal Jindrich"]
[Black "Krivka Lukas"]
[Result "1/2-1/2"]
[TimeControl "20+5"]
[WhiteFideId "23743948"]
[BlackFideId "23752092"]
[WhiteElo "1631"]
[BlackElo "1489"]

1. f4 d5 2. d4 Nf6 3. Nf3 c6 4. e3 Bg4 5. Bd3 e6 6. Nbd2 Nbd7 7. O-O Be7 8. Qe1 Bxf3 9. Nxf3 Qc7 10.
Ne5 a6 11. Rf3 c5 12. c3 c4 13. Bc2 b5 14. Bd2 Nf8 15. a4 Qb7 16. Rf1 N6d7 17. axb5 axb5 18. Rxa8+ Qxa8 19. Qa1 Nb6 20.
Qxa8+ Nxa8 21. Ra1 Nc7 22. Ra7 Bd6 23. Kf2 1/2-1/2



[ePGN "0.1;DGT LiveChess/2.2.6"]

[Event "MČR mládeže v rapid šachu 2024 H10"]
[Site "Harrachov, Czech Republic"]
[Date "????.??.??"]
[Round "3.7"]
[White "Stepnicka Filip"]
[Black "Sedenka Zikmund"]
[Result "1-0"]
[TimeControl "20+5"]
[WhiteFideId "23771542"]
[BlackFideId "23761628"]
[WhiteElo "1531"]
[BlackElo "1477"]

1. e4 e5 2. Nf3 Nc6 3. Bc4 Nf6 4. d3 Bc5 5. c3 d6 6. a4 Be6 7. Bxe6 fxe6 8. b4 Bxb4 9. cxb4 Nxb4 10.
Qb3 c5 11. Qxe6+ Qe7 12. Qxe7+ Kxe7 13. Kd2 Rac8 14. Ba3 Na6 15. Nc3 c4 16. Nb5 cxd3 17. Bxd6+ Ke6 18. Ng5+ Kd7 19. Kxd3 Ng4 20.
Rhf1 Nxh2 21. Rfc1 Rxc1 22. Rxc1 Ng4 23. f3 Nf6 24. Bxe5 Nb4+ 25. Ke3 Na2 26. Rc7+ Ke8 27. Rc8+ 1-0



[ePGN "0.1;DGT LiveChess/2.2.6"]

[Event "MČR mládeže v rapid šachu 2024 H10"]
[Site "Harrachov, Czech Republic"]
[Date "????.??.??"]
[Round "3.8"]
[White "Skoloud Josef"]
[Black "Hovhannisyan Narek"]
[Result "0-1"]
[TimeControl "20+5"]
[WhiteFideId "23744111"]
[BlackFideId "23778024"]
[WhiteElo "1683"]
[BlackElo "1570"]

1. e4 c6 2. d4 d5 3. exd5 cxd5 4. c4 e6 5. Nc3 Nc6 6.
Nf3 Nf6 7. Bf4 Bb4 8. a3 Bxc3+ 9. bxc3 Bd7 10. Bd3 dxc4 11. Bxc4 O-O 12. Bd6 Re8 13. Ne5 Ne4 14. Nxc6 Bxc6 15.
Be5 Qg5 16. Rg1 Nxc3 17. Qc2 Nd5 18. Bd3 h6 19. f4 Nxf4 20. Be4 Bxe4 21. Qxe4 Ng6 22. Bd6 Rad8 23. Bb4 Qd5 24. Qxd5 Rxd5 25.
Bc3 Rc8 26. Kd2 e5 27. Kd3 Nf4+ 28. Ke4 Rxc3 29.
dxe5 Rc4+ 30. Ke3 Rd3+ 31. Kf2 Rc2+ 32. Kf1 Rdc3 33. g3 Rc1+ 34. Rxc1 Rxc1+ 35. Kf2 Nh3+ 36. Kg2 Nxg1 37. a4 Ra1 38. e6 fxe6 39. a5 Rxa5 40.
g4 b5 41. g5 hxg5 42. h4 b4 43. h5 b3 44. h6 b2 45. h7+ Kxh7 46. Kh2 Nf3+ 47. Kg2 b1=Q 48. Kg3 Qg1+ 49. Kh3 Qf1+ 50. Kg3 Nh2 51. Kxh2 Ra2+ 52.
Kg3 Qf4+ 53. Kh3 g4+ 54. Kh4 g5+ 55. Kh5 Rh2# 0-1



[ePGN "0.1;DGT LiveChess/2.2.6"]

[Event "MČR mládeže v rapid šachu 2024 H10"]
[Site "Harrachov, Czech Republic"]
[Date "????.??.??"]
[Round "4.1"]
[White "Zidek Damian"]
[Black "Lutskiy Mikhail"]
[Result "1-0"]
[TimeControl "20+5"]
[WhiteFideId "23761652"]
[BlackFideId "23744308"]
[WhiteElo "1763"]
[BlackElo "1729"]

1. d4 Nf6 2. c4 e6 3.
Nc3 d5 4. cxd5 exd5 5. Bg5 Be7 6. e3 Nc6 7. Bd3 O-O 8. Nge2 h6 9. Bh4 Be6 10. O-O Qd7 11. Rc1 Nb4 12.
Bb1 b6 13. a3 Nc6 14. Qc2 g6 15. Nf4 Bf5 16. Qb3 Bxb1 17. Rxb1 g5 18. Bxg5 hxg5 19. Nfxd5 Kg7 20. Nxf6 Bxf6 21.
Ne4 Be7 22. Qc3 Qd5 23. Ng3 f5 24. Rbc1 Nd8 25. Qxc7 Qd6 26. Qxd6 Bxd6 27. Ne2 Rh8 28. g3 Nf7 29. Rc6 Rh6 30. Kg2 g4 31. Nc3 Ng5 32.
Nb5 Ne4 33. Nxd6 Rxd6 34. Rc7+ Kg6 35. Rfc1 a5 36. R1c6 Rad8 37. f3 gxf3+ 38. Kxf3 Ng5+ 39. Kf4 Ne6+ 40. Ke5 Nxc7 41. Rxd6+ Rxd6 42.
Kxd6 Ne8+ 43. Kc6 Nf6 44.
Kxb6 Nd5+ 45. Kxa5 Nxe3 46. b4 Ng4 47.
b5 Nf6 48. b6 Nd7 49. Ka6 Kh5 50.
h3 Kg6 51. Ka7 Kf6 52. b7 Ke6 53.
b8=Q Nxb8 54. Kxb8 Kd5 55. h4 Kxd4 56. h5 Ke5 57. a4 Kf6 58. a5 Kg5 59. a6 Kxh5 60. a7 Kg4 61. a8=Q Kxg3 62. Qh1 f4 63. Qf1 f3 64. Kc7 f2 65. Kd6 Kf3 66. Ke5 Ke3 67. Kd5 Kf3 68. Kd4 Kg3 69. Ke3 Kh4 70. Qxf2+ Kg4 71. Qf4+ Kh5 72. Qg3 1-0



[ePGN "0.1;DGT LiveChess/2.2.6"]

[Event "MČR mládeže v rapid šachu 2024 H10"]
[Site "Harrachov, Czech Republic"]
[Date "????.??.??"]
[Round "4.2"]
[White "Hlavacek Pavel"]
[Black "Bukovskij Dmitri"]
[Result "1/2-1/2"]
[TimeControl "20+5"]
[WhiteFideId "23761768"]
[BlackFideId "23749660"]
[WhiteElo "1641"]
[BlackElo "1700"]

1. d4 d5 2. c4 e6 3. Nc3 Nf6 4. Bg5 Be7 5. Nf3 c6 6. e3 Nbd7 7. cxd5 exd5 8. Bd3 h6 9.
Bh4 O-O 10. O-O Re8 11. Qc2 Ne4 12.
Bxe7 Qxe7 13. Rab1 f5 14. Nd2 Ndf6 15. Ndxe4 fxe4 16. Be2 Bg4 17. b4 a6 18. a4 Bxe2 19. Nxe2 Rac8 20. Qc5 Qc7 21.
Ng3 Nd7 22. Qc2 Nb6 23. Rfc1 Nc4 24.
Qe2 Rf8 25. Nf1 Rf6 26. Nd2 Nd6 27. b5 axb5 28. axb5 Rcf8 29. bxc6 bxc6 30. Rf1 Qf7 31. Rbc1 Nb5 32. Nb3 Ra8 33. Ra1 Qe8 34. Rxa8 Qxa8 35.
Ra1 Qb7 36. Nc5 Qc7 37. Qg4 Qf7 38.
Qe2 Nd6 39. Ra8+ Kh7 40. Qa2 Nb5 41.
Qd2 Rg6 42. g3 Rf6 43. Rb8 Qa7 44. Rb7 Qa1+ 45. Kg2 Nd6 46. Rd7 Nc4 47. Qe2 Qc1 48. Qg4 Rg6 49. Qe2 Rf6 50. Qg4 1/2-1/2



[ePGN "0.1;DGT LiveChess/2.2.6"]